Mecah, lawful female human Samurai ---- --- --- |..| ---.-- ---.---- |...-- --....| --....|.| ---..| .......| |.......| --..| ---- ---- ..<....-- --..--.--- |...|-....- ----- --...- .|...%).- |.%.||.| |.---......|.|..| |.....| ---..%..---.---|.| |.||....^(......-- --.%..| --.....|...| |.| ..Y.----------.---............-- ----.| |......|.--- |.| .@o......>.....................----...| ---.|.[|..%| |.| .f.---------.-.--.---............|..--------...|---%--.. |.|- |....................................||...- . |.|.- --.......-------...........-----.....--.--*. |....| |........------...........-- --.......|..-- --..--- -.........|.|.............| |...........-- --...| -..--..................--- --..-.........-- ---.--- |..|-................--- --......^.......| |...| ---|..............---- |....--.|......-- --..| --..|.....------ |.|.------(....| ---- ------.--- ---- --.--- - --- Mecah the Kunoichi Experience level: 9 Strength: 13 Dexterity: 18 Constitution: 18 Intelligence: 10 Wisdom: 8 Charisma: 6 Health: 0(80) Energy: 29(29) AC: 1 Gold: 680 Moves: 5151 Your Inventory: Coins $ - 680 gold pieces Weapons a - an uncursed +0 katana (weapon in hand) b - an uncursed +3 wakizashi (alternate weapon; not wielded) c - an uncursed +0 yumi d - 15 uncursed +0 ya y - an [uncursed +1] bow J - 18 uncursed [+0] arrows (in quiver) O - 12 [uncursed +0] crossbow bolts Armor s - an uncursed +0 dwarvish cloak (being worn) t - an uncursed +0 pair of iron shoes (being worn) B - an uncursed +0 elven leather helm (being worn) C - an uncursed +0 elven mithril-coat (being worn) Comestibles g - 5 uncursed gunyoki q - an uncursed carrot G - an uncursed lizard corpse X - an [uncursed] slime mold Scrolls h - a blessed scroll labeled ETAOIN SHRDLU [of identify] n - an [uncursed] scroll labeled MAPIRO MAHAMA DIROMAT [of teleportation] o - an uncursed scroll labeled HAPAX LEGOMENON [of fire] p - a blessed scroll labeled MAPIRO MAHAMA DIROMAT [of teleportation] u - 2 uncursed scrolls labeled ASHPD [of remove curse] A - a cursed scroll labeled HAPAX LEGOMENON [of fire] T - 3 [uncursed] unlabeled scrolls [of blank paper] U - a [blessed] unlabeled scroll [of blank paper] Potions r - an uncursed bubbly potion [of healing] H - a [blessed] clear potion [of holy water] S - a [cursed] amber potion [of gain ability] Rings w - an uncursed wooden ring [of fire resistance] Wands i - an [uncursed] wand of magic missile [0:4] k - an uncursed wand of speed monster [0:3] v - an [uncursed] wand of digging [0:7] Tools e - an [uncursed +0] unicorn horn f - an uncursed tin opener l - an uncursed towel m - an [uncursed wax] candle D - an uncursed [+0] pick-axe F - an uncursed [+0] unicorn horn K - 8 uncursed [tallow] candles N - an uncursed [frost] horn [0:6] P - an [uncursed] looking glass [mirror] V - an [uncursed] partly used [wax] candle Z - an [uncursed +0] unicorn horn Gems j - an uncursed green gem [worthless glass] x - 2 uncursed red gems [garnet] I - 2 uncursed yellowish brown gems [worthless glass] L - 2 uncursed blue gems [sapphire] Q - 3 [uncursed] violet gems [worthless glass] W - an [uncursed] black gem [worthless glass] Y - an [uncursed] orange gem [worthless glass] Spells known in the end: Name Level Category Fail Memory Your skills at the end: Fighting Skills martial arts [Basic / Master] body armor [Basic / Expert] Weapon Skills short sword [Basic / Expert] long sword [Skilled / Expert] bow [Basic / Expert] Spellcasting Skills Final Attributes: You were piously aligned. Hunger level was 355. Your alignment was 35 / 35. Monster difficulty range was 0 - 7. Level difficulty was 5. You resisted poison. You were held by an owlbear. You were fast. Your luck was zero. You are dead. Vanquished creatures: a small mimic an elf mummy a human mummy a crocodile a wolf a leprechaun an ice vortex a gnome king an owlbear a Green-elf a lizard a dog a housecat a gray unicorn 2 black unicorns a raven a plains centaur a gnome mummy 3 human zombies a bugbear a wood nymph an orc shaman a rock piercer an enormous rat a yellow light a shrieker 5 gnome lords a guardian naga hatchling a straw golem a paper golem a giant ant a little dog 2 kittens 4 dwarves a kobold lord 2 rothes a centipede an orc zombie a wererat 2 iguanas 2 acid blobs 2 gas spores 4 large kobolds a hobgoblin 2 giant rats 4 cave spiders 2 yellow molds a red mold 34 gnomes 6 geckos 2 jackals 2 goblins 5 grid bugs 4 lichens a kobold zombie 4 newts 129 creatures vanquished. Voluntary challenges: You used a wielded weapon 201 times. You read items or engraved 4 times. You put on armor 11 times. You never genocided any monsters. You never polymorphed an object. You never changed form. You used no wishes. You wrote Elbereth's name 1 time. You never encountered a bones level. You never used any Sokoban shortcuts. Dungeon overview: The Dungeons of Doom: levels 1 to 7 Level 1 a long staircase Level 2 an altar, a fountain stairs to The Gnomish Mines Level 3 a fountain Level 5 a fountain Level 6 some fountains Level 7 a music store, a fountain The Gnomish Mines: levels 3 to 5 Level 3 stairs to The Dungeons of Doom Level 5 <- You were here History has recorded: On T:1 you entered the Dungeons of Doom to retrieve the Amulet of Yendor! On T:224 you reached level 2 of The Dungeons of Doom. On T:348 you advanced to experience level 2. On T:397 you advanced to experience level 3. On T:558 you reached level 3 of The Dungeons of Doom. On T:600 you advanced to experience level 4. On T:823 you reached level 4 of The Dungeons of Doom. On T:1096 you advanced to experience level 5. On T:1466 you reached level 5 of The Dungeons of Doom. On T:1507 you advanced to experience level 6. On T:1696 you reached level 6 of The Dungeons of Doom. On T:2030 you reached level 7 of The Dungeons of Doom. On T:2064 you advanced to experience level 7. On T:3409 you advanced to experience level 8. On T:3690 you reached level 1 of The Gnomish Mines. On T:4135 you reached level 2 of The Gnomish Mines. On T:4549 you reached level 3 of The Gnomish Mines. On T:4664 you advanced to experience level 9. Latest messages: You make an opening in the wall. [7 turns] a - an uncursed +0 katana (weapon in hand). [2 turns] You have a little trouble lifting u - an uncursed scroll labeled ASHPD. The owlbear hits! (2x) The owlbear grabs you! [HP-21=59] You hit the owlbear! You hear a chugging sound. The large cat bites! The owlbear hits! (2x) You are being crushed. The large cat bites! [HP-23=36] You hit the owlbear! The large cat bites! The owlbear hits! (2x) You are being crushed. [HP-20=16] You hit the owlbear! The hobgoblin misses. The large cat bites! The owlbear hits! (2x) You are being crushed. You die... Final status: Sayonara Mecah the Samurai... You died in The Gnomish Mines on dungeon level 5 with 8992 points, and 680 pieces of gold, after 5151 moves. You were level 9 with a maximum of 80 hit points when you died.